 Dungeon Crawl Stone Soup version 0.29-a0-844-ge8845773e3 (webtiles) character file.

Game seed: 18100628766073653107

13395 Locuples the Basher (level 11, -2/90 HPs)
             Began as a Minotaur Fighter on July 15, 2022.
             Was an Elder of the Shining One.
             Slain by Snorg (8 damage)
             ... on level 11 of the Dungeon.
             The game lasted 00:26:38 (11450 turns).

Locuples the Basher (Minotaur Fighter)             Turns: 11450, Time: 00:26:39

Health: -2/90      AC: 27    Str: 24 (25) XL:     11   Next: 75%
Magic:  10/10      EV:  5    Int:  4 (5)  God:    the Shining One [****..]
Gold:   514        SH:  0    Dex: 10      Spells: 10/10 levels left

rFire   . . .      SeeInvis .   t - +7 whip of Prudence {flame, Fly Int+2}
rCold   . . .      Faith    +   y - +0 tower shield
rNeg    + + .      Spirit   .   d - +0 plate armour
rPois   +          Reflect  .   (helmet restricted)
rElec   +          Harm     .   I - +2 cloak {rPois}
rCorr   +          Rampage  .   a - +2 pair of gloves
Will    .....                   e - +0 pair of boots
Stlth   ..........              D - amulet of faith
HPRegen 0.25/turn               q - ring of Ruff {rElec rPois rCorr}
MPRegen 0.12/turn               B - +4 ring of protection

@: confused, ambrosia-drunk, flying, glowing
A: horns 2, retaliatory headbutt, deterioration 2, dopey 1, frail 1
a: Renounce Religion, Divine Shield, Cleansing Flame


You were on level 11 of the Dungeon.
You worshipped the Shining One.
The Shining One was greatly pleased with you.
You visited 2 branches of the dungeon, and saw 12 of its levels.
You also visited: Bailey.

You collected 514 gold pieces.

Inventory:

Hand Weapons
 c - a +0 morningstar
 t - the +7 whip of Prudence (weapon) {flame, Fly Int+2}
   (You found it in a bailey)

   It burns those it strikes, dealing additional fire damage.
   Int:       It affects your intelligence (+2).
   Fly:       It grants you flight.
Armour
 a - a +2 pair of gloves (worn)
 d - a +0 plate armour (worn)
 e - a +0 pair of boots (worn)
 y - a +0 tower shield (worn)
 I - a +2 cloak of poison resistance (worn)
Jewellery
 h - a +6 ring of dexterity
 i - a +4 ring of evasion
 q - the ring of Ruff (left hand) {rElec rPois rCorr}
   (You found it on level 3 of the Dungeon)

   [ring of resist corrosion]

   rElec:     It insulates you from electricity.
   rPois:     It protects you from poison.
   rCorr:     It protects you from acid and corrosion.
 s - an amulet of the acrobat
 B - a +4 ring of protection (right hand)
 D - an amulet of faith (around neck)
 G - a ring of poison resistance
Wands
 g - a wand of flame (18)
 u - a wand of roots (8)
 F - a wand of polymorph (6)
 L - a wand of light (1)
Scrolls
 b - a scroll of silence {unknown}
 f - 2 scrolls of enchant armour
 k - a scroll of blinking {unknown}
 l - 2 scrolls of vulnerability {unknown}
 n - 2 scrolls of immolation {unknown}
 o - a scroll of acquirement {unknown}
 p - a scroll of fog {unknown}
 r - 4 scrolls of teleportation
 v - a scroll of enchant weapon {unknown}
 x - 2 scrolls of amnesia {unknown}
 E - 2 scrolls of noise {unknown}
 K - a scroll of identify
Potions
 j - 2 potions of resistance
 m - a potion of magic
 z - a potion of mutation {unknown}
 A - a potion of flight {unknown}
 C - a potion of invisibility {unknown}
 H - a potion of brilliance
 J - a potion of berserk rage


   Skills:
 + Level 10.2 Fighting
 + Level 13.7 Maces & Flails
 + Level 11.6 Armour
 + Level 11.6 Shields


You had 10 spell levels left.
You didn't know any spells.
Your spell library contained the following spells:

 Spells                   Type           Power      Damage    Failure   Level
 Apportation              Tloc           0%         N/A       100%        1
 Necrotise                Necr           0%         1d4       100%        1
 Sting                    Tmut/Pois      0%         1d3       100%        1
 Summon Small Mammal      Summ           0%         N/A       100%        1
 Poisonous Vapours        Pois/Air       0%         N/A       100%        2
 Static Discharge         Conj/Air       0%         3-3/arc   100%        2
 Ozocubu's Armour         Ice            0%         N/A       100%        3
 Dispel Undead            Necr           0%         3d6       100%        4
 Olgreb's Toxic Radiance  Pois           0%         N/A       100%        4
 Passage of Golubria      Tloc           0%         N/A       100%        4
 Sticky Flame             Conj/Fire      0%         2d3       100%        4
 Silence                  Hex/Air        0%         N/A       100%        5
 Ozocubu's Refrigeration  Ice            0%         4d5       100%        7
 Lehudib's Crystal Spear  Conj/Erth      0%         10d2      100%        8


Dungeon Overview and Level Annotations

Branches:
Dungeon (11/15)            Temple (1/1) D:4            Lair (0/6) D:9
    Orc (0/2) D:9          Bailey (visited)

Altars:
Ashenzari
Cheibriados
Dithmenos
Elyvilon
Fedhas
Gozag
Hepliaklqana
Kikubaaqudgha
Makhleb
Nemelex Xobeh
Okawaru
Qazlal
Ru
Sif Muna
Trog
Uskayaw
Vehumet
Wu Jian
Xom
Yredelemnul
Zin
The Shining One

Shops:
D:3 (   D:9 [

Annotations:
D:3 3 runed translucent doors, Locuples's ghost, amateur MiFi; capka3m's ghost, weakling GnEE
D:5 3 runed translucent doors, LetschGu's ghost, novice TrHu
D:11 Snorg


Innate Abilities, Weirdness & Mutations

You have a pair of horns on your head.
You reflexively headbutt those who attack you in melee.
Your body often deteriorates upon taking damage.
You are dopey. (Int -2)
You are frail. (-10% HP)


Message History

You whack Snorg! You burn Snorg. You headbutt Snorg!
Snorg is moderately wounded.
You block Snorg's attack. Snorg barely misses you. x2
You whack Snorg! You burn Snorg.
Snorg is moderately wounded.
Snorg bites you but does no damage. Snorg claws you.
Snorg claws you but does no damage. You block Snorg's attack. Snorg claws you!
You block Snorg's attack.
You hit Snorg. You burn Snorg. You headbutt Snorg!
Snorg is heavily wounded.
Snorg bites you but does no damage. You block Snorg's attack.
Snorg claws you but does no damage.
You hit Snorg. You burn Snorg.
Snorg is heavily wounded.
Snorg bites you! You block Snorg's attack. Snorg claws you!
* * * LOW HITPOINT WARNING * * *
You whack Snorg! You burn Snorg. You headbutt Snorg.
Snorg is severely wounded.
You block Snorg's attack. Snorg claws you but does no damage. x2
You whack Snorg! You burn Snorg. Your headbutt misses Snorg.
Snorg is severely wounded.
You block Snorg's attack. Snorg claws you.
* * * LOW HITPOINT WARNING * * *
You block Snorg's attack. Snorg barely misses you. You block Snorg's attack. x2
Snorg attacks as you move away! You block Snorg's attack. x2
Snorg claws you but does no damage. Snorg attacks as you move away!
Snorg bites you but does no damage. Snorg claws you!
* * * LOW HITPOINT WARNING * * *
Your body deteriorates!
You feel weakened. Snorg claws you but does no damage.
Snorg bites you but does no damage. Snorg claws you.
* * * LOW HITPOINT WARNING * * *
Snorg claws you but does no damage.
You are confused.
You feel invigorated. Snorg bites you.
* * * LOW HITPOINT WARNING * * *
Snorg claws you!
You die...

##...# #....#
'...# #....#
#...# #....#
#...# #....#
#...# #....#
#...# ##.###
##..# #)# ##T#
#)# #@## #รท#
#..# #.# ##.#
#.# #.# #)# #.#
#.######## #.##
#........# #..#
#........#
##.###........#
#..##........#


You could see Snorg (berserk).

Vanquished Creatures
  A hydra (D:11)
  The ghost of anet the Trooper, a novice MiBe of Trog (D:9)
  4 two-headed ogres
  Pikel (D:9)
  2 orc knights (Bailey)
  2 gargoyles
  An unseen horror (D:11)
  A komodo dragon (D:9)
  A troll (D:11)
  Prince Ribbit (D:6)
  Eustachio (D:6)
  2 wraiths
  2 wyverns
  10 yaks
  2 steam dragons
  A neqoxec (D:9)
  Menkaure (D:6)
  2 water moccasins (D:9)
  An ice beast (D:8)
  6 orc warriors
  2 sky beasts (D:7)
  4 centaurs
  A phantom (D:4)
  3 lemures (D:9)
  11 kobold brigands
  2 necrophages
  3 bullfrogs
  A scorpion (D:6)
  3 wights (D:9)
  5 killer bees (D:9)
  A howler monkey (D:5)
  4 quasits (D:9)
  A jelly (D:6)
  3 gnoll boudas
  3 hounds
  9 orc priests
  4 iguanas
  15 orc wizards
  13 gnolls
  4 adders
  2 shadow imps
  2 worms (D:3)
  2 dart slugs
  46 orcs
  3 ball pythons
  5 bats
  6 endoplasms
  4 giant cockroaches
  6 goblins
  9 hobgoblins
  39 kobolds
  3 quokkas
  2 frilled lizards
  3 rats
267 creatures vanquished.

Vanquished Creatures (others)
  3 plants (D:9)
3 creatures vanquished.

Grand Total: 270 creatures vanquished

Notes
Turn   | Place    | Note
-------+----------+-------------------------------------------
     0 | D:1      | Locuples the Minotaur Fighter began the quest for the Orb.
     0 | D:1      | Reached XP level 1. HP: 19/19 MP: 0/0
   160 | D:1      | Reached XP level 2. HP: 23/27 MP: 1/1
   589 | D:2      | Reached XP level 3. HP: 33/33 MP: 2/2
   630 | D:2      | Reached skill level 3 in Maces & Flails
  1229 | D:3      | Found Zoaplest's Weapon Shoppe.
  1282 | D:3      | Identified the +10 quarterstaff of the Whale {elec, Will+}
  1362 | D:3      | Identified the ring of Ruff {rElec rPois rCorr}
  1439 | D:3      | Found a runed translucent gate.
  1439 | D:3      | Found a runed translucent gate.
  1441 | D:3      | Found a runed translucent gate.
  1444 | D:3      | Found a snail-covered altar of Cheibriados.
  1458 | D:3      | Reached XP level 4. HP: 41/41 MP: 3/3
  1469 | D:3      | Noticed Locuples's ghost (amateur MiFi)
  1470 | D:3      | Noticed capka3m's ghost (weakling GnEE)
  1609 | D:4      | Found a blossoming altar of Fedhas.
  1711 | D:4      | Reached skill level 4 in Maces & Flails
  1716 | D:4      | Reached XP level 5. HP: 25/47 MP: 4/4
  1943 | D:4      | Found a staircase to the Ecumenical Temple.
  1950 | Temple   | Entered the Ecumenical Temple
  1971 | Temple   | Became a worshipper of the Shining One
  2198 | D:4      | Noticed a phantom
  2206 | D:4      | Killed a phantom
  2207 | D:4      | Reached skill level 5 in Maces & Flails
  2207 | D:4      | Reached skill level 5 in Armour
  2243 | D:4      | Found a sand-covered staircase.
  2322 | D:5      | Entered Level 5 of the Dungeon
  2347 | D:5      | Reached XP level 6. HP: 53/55 MP: 5/5
  2588 | D:5      | Reached skill level 5 in Fighting
  2616 | D:5      | Found a runed translucent gate.
  2638 | D:5      | Found a runed translucent gate.
  2639 | D:5      | Found a runed translucent gate.
  2641 | D:5      | Noticed LetschGu's ghost (novice TrHu)
  3252 | D:5      | Reached * piety under the Shining One
  3259 | D:5      | Reached skill level 6 in Maces & Flails
  3567 | D:6      | Reached XP level 7. HP: 61/61 MP: 6/6
  3694 | D:6      | Reached skill level 7 in Maces & Flails
  3928 | D:6      | Noticed a steam dragon
  3934 | D:6      | Killed a steam dragon
  3957 | D:6      | Noticed Menkaure
  3965 | D:6      | Reached skill level 5 in Shields
  3970 | D:6      | Killed Menkaure
  3971 | D:6      | Reached skill level 8 in Maces & Flails
  3971 | D:6      | Reached XP level 8. HP: 23/70 MP: 7/7
  4407 | D:6      | Noticed Prince Ribbit
  4417 | D:6      | Killed Prince Ribbit
  4474 | D:6      | Noticed Eustachio
  4508 | D:6      | Killed Eustachio
  4509 | D:6      | Reached skill level 9 in Maces & Flails
  5377 | D:7      | Found a basalt altar of Yredelemnul.
  5493 | D:7      | Noticed a two-headed ogre
  5504 | D:7      | Reached ** piety under the Shining One
  5505 | D:7      | Noticed a gargoyle
  5517 | D:7      | Killed a two-headed ogre
  5518 | D:7      | Reached skill level 10 in Maces & Flails
  5518 | D:7      | Reached XP level 9. HP: 11/79 MP: 8/8
  5968 | D:7      | Killed a gargoyle
  5969 | D:7      | Reached skill level 11 in Maces & Flails
  6752 | D:8      | Noticed a two-headed ogre
  6763 | D:8      | Killed a two-headed ogre
  6764 | D:8      | Reached XP level 10. HP: 25/90 MP: 9/9
  7105 | D:8      | Reached skill level 12 in Maces & Flails
  7858 | D:9      | Noticed Pikel
  7867 | D:9      | Killed Pikel
  7901 | D:9      | Found a hazy altar of Hepliaklqana.
  7902 | D:9      | Found a shimmering altar of Xom.
  7909 | D:9      | Noticed a two-headed ogre
  8043 | D:9      | Found a transporter.
  8050 | D:9      | Found a transporter.
  8054 | D:9      | Noticed anet's ghost (novice MiBe)
  8065 | D:9      | Reached *** piety under the Shining One
  8074 | D:9      | Gained mutation: You are dopey. (Int -2) [a neqoxec]
  8081 | D:9      | Gained mutation: Your body sometimes deteriorates upon
                  | taking damage. [a neqoxec]
  8085 | D:9      | Gained mutation: Your body often deteriorates upon taking
                  | damage. [a neqoxec]
  8087 | D:9      | Gained mutation: You are frail. (-10% HP) [a neqoxec]
  8112 | D:9      | Killed anet's ghost
  8113 | D:9      | Reached skill level 10 in Armour
  8263 | D:9      | Found Pentu's Armour Shoppe.
  8310 | D:9      | Found a staircase to the Lair.
  8506 | D:9      | Reached skill level 13 in Maces & Flails
  8506 | D:9      | Reached XP level 11. HP: 87/87 MP: 10/10
  8506 | D:9      | Found a staircase to the Orcish Mines.
  8512 | D:9      | Reached **** piety under the Shining One
  8680 | D:9      | Found a shadowy altar of Dithmenos.
  8680 | D:9      | Noticed a two-headed ogre
  8692 | D:9      | Killed a two-headed ogre
  9061 | D:10     | Entered Level 10 of the Dungeon
  9137 | D:10     | Found a sparkling altar of Nemelex Xobeh.
  9180 | D:10     | Found a burning altar of Makhleb.
  9180 | D:10     | Found a glowing silver altar of Zin.
  9180 | D:10     | Found a sacrificial altar of Ru.
  9192 | D:10     | Found an opulent altar of Gozag.
  9245 | D:10     | Found a flagged portal.
  9263 | Bailey   | Entered a bailey
  9418 | Bailey   | Noticed an orc knight
  9427 | Bailey   | Reached skill level 10 in Shields
  9434 | Bailey   | Killed an orc knight
  9438 | Bailey   | Identified the +7 whip of Prudence {flame, Fly Int+2}
  9646 | Bailey   | Noticed an orc knight
  9690 | Bailey   | Killed an orc knight
  9951 | Bailey   | Found a burning altar of Makhleb.
 10013 | D:10     | Reached skill level 10 in Fighting
 10369 | D:10     | Noticed a two-headed ogre
 10376 | D:10     | Killed a two-headed ogre
 11159 | D:11     | Noticed a seven-headed hydra
 11170 | D:11     | Killed a seven-headed hydra
 11435 | D:11     | Noticed Snorg
 11450 | D:11     | Slain by Snorg

Illustrated notes

Levels and vault maps discovered:
D:1:      giann_horns, layout_rooms
D:2:      layout_rooms
D:3:      layout_basic, cheibrodos_worm_habitat, serial_shops, shop,
          gammafunk_ghost_cemetery
D:4:      layout_basic, fedhas_altar_1, minmay_temple_entry_statues_pillars,
          serial_shops, nicolae_diamond_shop, nicolae_ossuary_entry_ruins
D:5:      layout_basic, gammafunk_ghost_necromancy
D:6:      layout_basic, uniq_eustachio, uniq_menkaure, uniq_prince_ribbit1
D:7:      layout_rooms, mainiacjoe_overflow_cross_hatched, dk_noncrumbling_4,
          minmay_a_box_with_orc_wizards_in_it
D:8:      layout_loops_corners
D:9:      layout_roguey, regret_index_temple_of_mockery,
          nicolae_dithmenos_through_a_glass_darkly, david_lair_shrubbed,
          minmay_orc_entry_temple_small, serial_shops, shop,
          gammafunk_ghost_stat_death, uniq_pikel
D:10:     layout_grid_maze, minmay_overflow_temple_star_hex, enter_bailey_5
D:11:     cheibrodos_orc_bank, layout_basic, uniq_snorg, uniq_urug, uniq_amaemon
Temple:   nicolae_temple_bog_church

Skill      XL: |  1  2  3  4  5  6  7  8  9 10 11 |
---------------+----------------------------------+-----
Fighting       | 4 5 7 8 9 10 | 10.2
Armour         | 4 5 6 8 9 10 11 | 11.6
Shields        | 4 5 6 9 11 | 11.6
Maces & Flails | 3 4 5 6 8 10 11 13 | 13.7

Action                   |  1- 3 |  4- 6 |  7- 9 | 10-12 || total
-------------------------+-------+-------+-------+-------++-------
Melee: Flail             |    81 |    85 |   236 |   222 ||   624
       Headbutt          |    14 |    15 |    48 |   107 ||   184
       Whip              |       |       |       |   123 ||   123
       Morningstar       |       |       |       |    57 ||    57
Invok: Divine Shield     |       |       |       |     1 ||     1
  Use: Scroll            |     4 |     1 |     5 |     1 ||    11
       Potion            |       |     5 |     8 |     5 ||    18
Armor: Scale mail        |    54 |    34 |    12 |       ||   100
       Plate armour      |       |       |    84 |   298 ||   382
       Skin              |       |       |    18 |       ||    18
Dodge: Dodged            |    53 |    41 |   177 |    74 ||   345
Block: Buckler           |    17 |    20 |    44 |       ||    81
       Tower shield      |       |       |    27 |   388 ||   415

Table legend: (Time is in decaauts)
 A = Elapsed time spent in this place.
 B = Non-inter-level travel time spent in this place.
 C = Inter-level travel time spent in this place.
 D = Time resting spent in this place.
 E = Time spent auto-exploring this place.
 F = Levels seen in this place.
 G = Mean time per level.
                   A        B        C        D        E       F      G
               +--------+--------+--------+--------+--------+-----+--------+
         Total |  11526 |  11526 |      0 |   1198 |   7742 |  13 |  886.6 |
       Dungeon |  10616 |  10616 |      0 |    986 |   7268 |  11 |  965.1 |
        Temple |    180 |    180 |      0 |      0 |    130 |   1 |  180.0 |
        Bailey |    729 |    729 |      0 |    212 |    343 |   1 |  729.0 |
               +--------+--------+--------+--------+--------+-----+--------+

Top non-repeatable levels by time:
     D:6: 1831 daAuts
     D:8: 1508 daAuts
     D:9: 1260 daAuts
     D:5: 1244 daAuts
    D:10: 1216 daAuts
     D:7: 935 daAuts
  Bailey: 729 daAuts
     D:1: 590 daAuts
     D:2: 554 daAuts
     D:4: 551 daAuts
     D:3: 495 daAuts
    D:11: 428 daAuts
  Temple: 180 daAuts
